[Event "GER-ch Youth-U10 2022"]
[Site "Willingen"]
[Date "2022.06.06"]
[Round "4.4"]
[White "Shen, Tingrui"]
[Black "Junge, Mattheo Gabriel"]
[Result "1/2-1/2"]
[ECO "E60"]
[WhiteElo "1621"]
[BlackElo "1132"]
[Annotator "NA RC COMBH"]
[PlyCount "110"]
[EventDate "2022.06.05"]
[EventType "swiss"]
[EventRounds "11"]
[EventCountry "GER"]
[SourceTitle "playchess.com"]
[Source "ChessBase"]
[SourceQuality "1"]
[TimeControl "40/4500+30:900+30"]

1. Nf3 Nf6 2. g3 g6 3. d4 Bg7 4. Bg2 O-O 5. O-O d6 6. c4 c6 7. b3 a6 8. Bb2 Bf5 9. Nbd2 a5 10. Re1 d5 11. Nh4 Na6 12. Nxf5 gxf5 13. Qc2 e6 14. a3 Ne4 15. Rad1 Qg5 16. Bc1 Qg6 17. Nf1 Rac8 18. f3 Nd6 19. Bf4 Rfd8 20. Bxd6 Rxd6 21. c5 Rdd8 22. f4 Nc7 23. Qd2 Nb5 24. e3 Nxa3 25. Ra1 Nb5 26. Rxa5 h5 27. Qf2 Bf6 28. Rea1 Kg7 29. h4 Kh6 30. R1a2 Nc3 31. Rc2 Ne4 32. Bxe4 dxe4 33. Kh2 Rg8 34. b4 Rg7 35. b5 Be7 36. Ra7 f6 37. Rxb7 cxb5 38. Rxb5 Bd8 39. Rcb2 Bc7 40. Rb7 Rgg8 41. Ra2 Rgd8 42. Ra6 Re8 43. Qe2 Bb8 44. Rbb6 Re7 45. Rxe6 Rxe6 46. Rxe6 Rc7 47. Ra6 Qf7 48. Qa2 Qg7 49. Ra8 Rb7 50. d5 Qg4 51. Ra6 Qd1 52. Qf2 Qxd5 53. Rxf6+ Kg7 54. Rb6 Rxb6 55. cxb6 Qb5 1/2-1/2

[Event "GER-ch Youth-U10 2022"]
[Site "Willingen"]
[Date "2022.06.06"]
[Round "4.5"]
[White "Rohatgi, Kushagra"]
[Black "Peglau, Paul David"]
[Result "1-0"]
[ECO "B13"]
[WhiteElo "1222"]
[BlackElo "1623"]
[Annotator "NA RC COMBH"]
[PlyCount "55"]
[EventDate "2022.06.05"]
[EventType "swiss"]
[EventRounds "11"]
[EventCountry "GER"]
[SourceTitle "playchess.com"]
[Source "ChessBase"]
[SourceQuality "1"]
[TimeControl "40/4500+30:900+30"]

1. e4 c6 2. d4 d5 3. exd5 cxd5 4. Bd3 Nc6 5. c3 Nf6 6. Bf4 Bg4 7. Qb3 Qd7 8. Nd2 e6 9. Ngf3 Be7 10. Ne5 Nxe5 11. dxe5 Qc7 12. exf6 Qxf4 13. Qb5+ Kf8 14. fxe7+ Kxe7 15. Qb4+ Qxb4 16. cxb4 Rac8 17. O-O Rc6 18. h3 Bh5 19. g4 Bg6 20. Bxg6 hxg6 21. Rac1 Rxh3 22. Rxc6 bxc6 23. Rc1 Kd6 24. Kg2 Rd3 25. Nb3 d4 26. Nc5 Rd2 27. Ne4+ Kd5 28. Nxd2 1-0

[Event "GER-ch Youth-U10 2022"]
[Site "Willingen"]
[Date "2022.06.06"]
[Round "4.6"]
[White "Rodriguez Klasen, Ennio"]
[Black "Rudolph, Simon"]
[Result "1-0"]
[ECO "A13"]
[WhiteElo "1315"]
[BlackElo "1361"]
[Annotator "NA RC COMBH"]
[PlyCount "95"]
[EventDate "2022.06.05"]
[EventType "swiss"]
[EventRounds "11"]
[EventCountry "GER"]
[SourceTitle "playchess.com"]
[Source "ChessBase"]
[SourceQuality "1"]
[TimeControl "40/4500+30:900+30"]

1. Nf3 d5 2. g3 c5 3. c4 dxc4 4. Qa4+ Bd7 5. Qxc4 e6 6. Bg2 Bc6 7. Nc3 Nf6 8. O-O Be7 9. Rd1 O-O 10. d4 Qb6 11. Be3 Na6 12. a3 Rac8 13. dxc5 Bxc5 14. Bxc5 Nxc5 15. b4 Na4 16. Qb3 Nxc3 17. Qxc3 Ba4 18. Qd4 Bxd1 19. Qxb6 axb6 20. Rxd1 Rc2 21. Kf1 Rfc8 22. Ke1 Rc1 23. Ne5 Rxd1+ 24. Kxd1 Rc3 25. Bxb7 Rxa3 26. b5 Nd5 27. Bc6 Rb3 28. Kc2 Rc3+ 29. Kd2 Ra3 30. Nc4 Ra2+ 31. Kd3 Nb4+ 32. Kc3 Nxc6 33. bxc6 Ra7 34. Kb4 Kf8 35. Kb5 Ke7 36. Kxb6 Ra8 37. Kb7 Re8 38. c7 Kd7 39. Nb6+ Kd6 40. c8=Q Rxc8 41. Kxc8 Kc5 42. Kd7 Kd4 43. Ke7 Kc3 44. Kxf7 Kd2 45. e4 Ke2 46. Kxe6 Kxf2 47. Kf7 Kg2 48. Kxg7 1-0

[Event "GER-ch Youth-U10 2022"]
[Site "Willingen"]
[Date "2022.06.06"]
[Round "4.9"]
[White "Svanidze, Alexander"]
[Black "Rau, Eduard"]
[Result "0-1"]
[ECO "C50"]
[WhiteElo "1348"]
[BlackElo "1406"]
[Annotator "NA RC COMBH"]
[PlyCount "34"]
[EventDate "2022.06.05"]
[EventType "swiss"]
[EventRounds "11"]
[EventCountry "GER"]
[SourceTitle "playchess.com"]
[Source "ChessBase"]
[SourceQuality "1"]
[TimeControl "40/4500+30:900+30"]

1. e4 e5 2. Nf3 Nc6 3. Bc4 Nf6 4. d3 Bc5 5. Nc3 d6 6. Bg5 h6 7. Bh4 Be6 8. Bxe6 fxe6 9. O-O Qe7 10. Qd2 g5 11. Bg3 O-O-O 12. Rfb1 Nh5 13. a3 Nxg3 14. hxg3 Rdf8 15. b4 Bb6 16. a4 Nd4 17. Nh2 Rxf2 0-1

[Event "GER-ch Youth-U10 2022"]
[Site "Willingen"]
[Date "2022.06.06"]
[Round "4.10"]
[White "Fischermann, Simon"]
[Black "Chua, Daniel James"]
[Result "1-0"]
[ECO "C13"]
[WhiteElo "1344"]
[BlackElo "1314"]
[Annotator "NA RC COMBH"]
[PlyCount "102"]
[EventDate "2022.06.05"]
[EventType "swiss"]
[EventRounds "11"]
[EventCountry "GER"]
[SourceTitle "playchess.com"]
[Source "ChessBase"]
[SourceQuality "1"]
[TimeControl "40/4500+30:900+30"]

1. d4 Nf6 2. Nc3 d5 3. e3 e6 4. Bd3 Bd6 5. e4 dxe4 6. Nxe4 Nc6 7. Nf3 O-O 8. Bg5 Be7 9. Nxf6+ Bxf6 10. Bxf6 Qxf6 11. O-O Rd8 12. c3 Bd7 13. Qc2 g6 14. Rfe1 Ne7 15. Ne5 Nd5 16. Be4 Qg5 17. Qb3 Nf4 18. g3 Nh3+ 19. Kg2 Nf4+ 20. Kf1 Nh3 21. Nxd7 Rxd7 22. Qxb7 Rad8 23. Qxa7 Qf6 24. Re2 Ng5 25. h4 Nxe4 26. Rxe4 Qf3 27. Ree1 Rd5 28. Qxc7 R8d7 29. Qf4 Qd3+ 30. Kg1 Rf5 31. Qe3 Qb5 32. Qe2 Qd5 33. a4 Rh5 34. a5 Kg7 35. a6 Ra7 36. b4 Kh6 37. Qe4 Qb5 38. Ra5 Qd7 39. Rxh5+ gxh5 40. Qf4+ Kg7 41. Qg5+ Kf8 42. b5 Qc7 43. Qc5+ Qxc5 44. dxc5 Ke7 45. Rd1 f6 46. c6 Ra8 47. c7 Rc8 48. b6 e5 49. b7 Rxc7 50. b8=Q Rc6 51. Qb7+ Ke6 1-0

[Event "GER-ch Youth-U10 2022"]
[Site "Willingen"]
[Date "2022.06.06"]
[Round "4.11"]
[White "Campora, Daniel H."]
[Black "Moskalenko, Michael"]
[Result "1-0"]
[ECO "D00"]
[WhiteElo "2397"]
[BlackElo "1266"]
[Annotator "TA"]
[PlyCount "61"]
[EventDate "2022.06.05"]
[EventType "swiss"]
[EventRounds "11"]
[EventCountry "GER"]
[SourceTitle "playchess.com"]
[Source "ChessBase"]
[SourceQuality "1"]
[TimeControl "40/4500+30:900+30"]

1. d4 d5 2. e3 e6 3. Bd3 c5 4. c3 Nc6 5. Nd2 Nf6 6. f4 Be7 7. Ngf3 b6 {[%emt 0:03:52] D00: 1 d4 d5: Unusual lines.} 8. O-O Bb7 9. Ne5 c4 {[%emt 0:01:51] The position is equal.} 10. Bc2 Qc7 11. Qe2 {[%emt 0:00:54] [#]} h5 $146 ({Predecessor:} 11... Bd6 12. e4 O-O-O 13. Nxc6 Qxc6 14. e5 {1-0 (14) Zorin,Y (1857)-Kaliamin,A (1667) Cheliabinsk 2009}) 12. e4 {[%emt 0:03:32] White is more active.} dxe4 13. Nxe4 Nxe5 14. fxe5 ({But not} 14. dxe5 $6 Nxe4 15. Bxe4 O-O-O $11) 14... Nd5 {[%emt 0:06:40] [#]} (14... Nxe4 $16 {was called for.} 15. Bxe4 Bxe4 16. Qxe4 Rc8) 15. Ba4+ Bc6 16. Qxc4 Rc8 17. Bg5 Bf8 (17... O-O 18. Bxc6 Qxc6) 18. Rf3 $18 {[%emt 0:04:43] [#] Black must now prevent Raf1.} Qd7 19. Bxc6 Qxc6 20. Qxc6+ Rxc6 21. Raf1 Rc7 22. a3 b5 23. Nd2 Be7 24. Bxe7 Rxe7 25. Ne4 a6 $2 (25... O-O {was necessary.} 26. Nd6 a6) 26. Nd6+ {[%emt 0:00:19] White is clearly winning.} Kd7 27. Rxf7 Rg8 28. Rxe7+ Kxe7 29. Rf7+ Kd8 30. Kf2 Ne7 31. Ke3 {[%emt 0:01:30] Black got outplayed after the opening.  Weighted Error Value: White=0.19 (very precise) /Black=0.65} 1-0

[Event "GER-ch Youth-U10 2022"]
[Site "Willingen"]
[Date "2022.06.06"]
[Round "4.12"]
[White "Heitmann, Erik"]
[Black "Allen, Phillipp"]
[Result "0-1"]
[ECO "A85"]
[WhiteElo "1287"]
[BlackElo "1467"]
[Annotator "NA RC COMBH"]
[PlyCount "106"]
[EventDate "2022.06.05"]
[EventType "swiss"]
[EventRounds "11"]
[EventCountry "GER"]
[SourceTitle "playchess.com"]
[Source "ChessBase"]
[SourceQuality "1"]
[TimeControl "40/4500+30:900+30"]

1. d4 d5 2. c4 e6 3. Nc3 c6 4. Nf3 f5 5. Bg5 Nf6 6. e3 h6 7. Bxf6 Qxf6 8. cxd5 exd5 9. Bd3 Bd6 10. Qe2 O-O 11. h4 Be6 12. O-O-O Nd7 13. Rhe1 b5 14. Kb1 Nb6 15. b3 a5 16. Rc1 Bd7 17. g3 a4 18. Nd2 axb3 19. Nxb3 Nc4 20. Bxc4 bxc4 21. Na1 Ba3 22. Kc2 Bxc1 23. Rxc1 f4 24. exf4 Bf5+ 25. Kd1 Qxd4+ 26. Qd2 Bg4+ 27. Kc2 Qxd2+ 28. Kxd2 d4 29. Ne2 Rxa2+ 30. Nc2 Bxe2 31. Kxe2 d3+ 32. Kd2 Rxc2+ 33. Rxc2 dxc2 34. Kxc2 Rd8 35. Kc3 Rd5 36. Kxc4 Kf7 37. g4 h5 38. g5 Kg6 39. f3 Kf5 40. Kc3 Kxf4 41. Kc4 Kxf3 42. Kc3 Kg4 43. Kc4 Kxh4 44. g6 Kg5 45. Kc3 h4 46. Kc4 Kxg6 47. Kc3 h3 48. Kc4 h2 49. Kc3 h1=R 50. Kc4 Rc1+ 51. Kb3 Rb5+ 52. Ka2 Rd1 53. Ka3 Rd8 0-1

[Event "GER-ch Youth-U10 2022"]
[Site "Willingen"]
[Date "2022.06.06"]
[Round "4.13"]
[White "Tak, Rannveer"]
[Black "Belin, Anton"]
[Result "0-1"]
[ECO "B01"]
[WhiteElo "1746"]
[BlackElo "1213"]
[Annotator "NA RC COMBH"]
[PlyCount "124"]
[EventDate "2022.06.05"]
[EventType "swiss"]
[EventRounds "11"]
[EventCountry "GER"]
[SourceTitle "playchess.com"]
[Source "ChessBase"]
[SourceQuality "1"]
[TimeControl "40/4500+30:900+30"]

1. e4 d5 2. exd5 Nf6 3. d4 Nxd5 4. Be2 Nc6 5. Nf3 Bf5 6. a3 e6 7. O-O Bd6 8. c4 Nf4 9. Nc3 O-O 10. Be3 Nxe2+ 11. Qxe2 Qf6 12. b4 Bg4 13. Ne4 Qf5 14. Ng3 Qf6 15. Ne4 Qf5 16. Ned2 e5 17. d5 Nb8 18. c5 Be7 19. h3 Bh5 20. Kh1 e4 21. g4 Bxg4 22. hxg4 Qxg4 23. Ng1 Qh4+ 24. Kg2 Rd8 25. Qc4 Qg4+ 26. Kh2 Qh4+ 27. Nh3 Bf6 28. Nxe4 Bxa1 29. Bg5 Be5+ 30. f4 Qh5 31. Bxd8 Nd7 32. Bg5 f6 33. d6+ Kh8 34. fxe5 Nxe5 35. Qc2 fxg5 36. Nexg5 Ng4+ 37. Kg3 Ne3 38. Qf2 Nxf1+ 39. Qxf1 cxd6 40. Nf7+ Kg8 41. Nxd6 Rf8 42. Qc4+ Kh8 43. Qg4 Qe5+ 44. Kh4 Qe1+ 45. Qg3 g5+ 46. Nxg5 Rf4+ 47. Kh3 Qh1+ 48. Qh2 Rh4+ 49. Kxh4 Qxh2+ 50. Kg4 h5+ 51. Kf5 Qc2+ 52. Nde4 Kg7 53. Ne6+ Kf7 54. N6g5+ Ke7 55. Kg6 h4 56. Kh5 h3 57. Ng3 h2 58. N5e4 h1=Q+ 59. Nxh1 Qxe4 60. Ng3 Qf3+ 61. Kh4 Kf6 62. Nh5+ Ke5 0-1

[Event "GER-ch Youth-U10 2022"]
[Site "Willingen"]
[Date "2022.06.06"]
[Round "4.14"]
[White "Van 't Hof, Eric"]
[Black "Vu, Khoi Nguyen"]
[Result "1-0"]
[ECO "C56"]
[WhiteElo "2081"]
[BlackElo "1627"]
[Annotator "TA"]
[PlyCount "55"]
[EventDate "2022.06.05"]
[EventType "swiss"]
[EventRounds "11"]
[EventCountry "GER"]
[SourceTitle "playchess.com"]
[Source "ChessBase"]
[SourceQuality "1"]
[TimeControl "40/4500+30:900+30"]

1. e4 e5 2. Nf3 Nc6 3. Bc4 Bc5 4. c3 Nf6 5. d4 exd4 6. O-O d5 7. exd5 Nxd5 8. Qb3 {[%emt 0:00:10] C56: Two Knights: 4 d4 exd4 5 0-0 Nxe4.} ({Of course not} 8. Nxd4 $6 Bxd4 9. cxd4 (9. Re1+ Be6 $11) 9... Be6 $11) 8... Be6 9. Qxb7 Nde7 {[%emt 0:00:11] [#]} 10. Bxe6 {[%emt 0:00:39] White is more active. White is better.} fxe6 {[%emt 0:00:22] [#]} 11. Bg5 $146 (11. Qb5 $16 Qd6 12. Re1) ({Predecessor:} 11. cxd4 Bb6 12. Nc3 O-O 13. Qa6 Rxf3 14. gxf3 Nxd4 15. Qd3 Qf8 16. Qe4 Nxf3+ 17. Kg2 {1-0 (27) Wiewiora,E (2325)-Leenhouts,K (2488) Chess.com INT 2018}) 11... Rb8 $1 $14 12. Qxc6+ (12. Qa6 {is interesting.} Rxb2 13. Bxe7 Nxe7 14. cxd4 Bd6 15. Nbd2) 12... Nxc6 13. Bxd8 Rxd8 14. Re1 Rd6 15. Nbd2 $36 {[%emt 0:01:05][%cal Bb1d2,Bd2e4,Be4c3,Bc3d5][%mdl 2080] White has the initiative.} dxc3 16. Ne4 Rd5 ({Better is} 16... cxb2 $14 17. Nxd6+ (17. Rab1 Rd5 $11) 17... cxd6) 17. Nxc3 $16 {[%emt 0:00:23] Pair of Knights!} Rf5 18. Rxe6+ Kd7 19. Re2 Rhf8 20. Rd1+ Kc8 21. Rd5 Rxd5 22. Nxd5 {[%emt 0:00:18] Rc2 is the strong threat.} Rd8 23. Ne3 Nd4 24. Nxd4 Bxd4 25. g3 Re8 26. Kg2 Kb7 27. h4 Kb6 $2 {[%emt 0:01:36][%mdl 8192] [#]} (27... c5 $16 {is more resistant.} 28. b3 Kc6) 28. Nd5+ {[%emt 0:00:32] Weighted Error Value: White=0.11 (very precise) /Black=0.54} 1-0

[Event "GER-ch Youth-U10 2022"]
[Site "Willingen"]
[Date "2022.06.06"]
[Round "4.16"]
[White "Lanert, Theodor"]
[Black "Fischer, Quirin"]
[Result "1-0"]
[ECO "B35"]
[WhiteElo "1306"]
[BlackElo "1195"]
[Annotator "NA RC COMBH"]
[PlyCount "93"]
[EventDate "2022.06.05"]
[EventType "swiss"]
[EventRounds "11"]
[EventCountry "GER"]
[SourceTitle "playchess.com"]
[Source "ChessBase"]
[SourceQuality "1"]
[TimeControl "40/4500+30:900+30"]

1. e4 c5 2. Nf3 Nc6 3. d4 cxd4 4. Nxd4 g6 5. Nc3 Bg7 6. Be3 Nf6 7. Bc4 O-O 8. O-O Nxe4 9. Nxe4 d5 10. Bb5 Nxd4 11. Bxd4 dxe4 12. Bxg7 Kxg7 13. Qe2 Qb6 14. b3 a6 15. Bc4 Qc6 16. Rad1 e6 17. a4 b6 18. Rfe1 Bb7 19. Qe3 f5 20. Qd4+ Rf6 21. Qd7+ Qxd7 22. Rxd7+ Rf7 23. Red1 Bd5 24. R1xd5 exd5 25. Rxf7+ Kh6 26. Bxd5 Rd8 27. Bc4 f4 28. Rxf4 Rd2 29. Rxe4 Rxc2 30. Kf1 Rc1+ 31. Ke2 Rc2+ 32. Kf3 Kh5 33. Re6 Rc3+ 34. Kf4 Rc2 35. Re2 g5+ 36. Kf5 Rc3 37. Re3 Rxe3 38. fxe3 a5 39. g3 Kh6 40. g4 Kg7 41. Kxg5 h6+ 42. Kf5 b5 43. axb5 a4 44. b6 a3 45. b7 a2 46. b8=Q a1=Q 47. Qg8# 1-0

[Event "GER-ch Youth-U10 2022"]
[Site "Willingen"]
[Date "2022.06.06"]
[Round "4.17"]
[White "Classen, Marnin"]
[Black "Li, Yunqi"]
[Result "0-1"]
[ECO "B92"]
[WhiteElo "1168"]
[BlackElo "1312"]
[Annotator "NA RC COMBH"]
[PlyCount "134"]
[EventDate "2022.06.05"]
[EventType "swiss"]
[EventRounds "11"]
[EventCountry "GER"]
[SourceTitle "playchess.com"]
[Source "ChessBase"]
[SourceQuality "1"]
[TimeControl "40/4500+30:900+30"]

1. e4 c5 2. Nf3 d6 3. d4 cxd4 4. Nxd4 Nf6 5. Nc3 a6 6. Be2 e5 7. Nb3 Be6 8. O-O Be7 9. f3 O-O 10. Be3 Nbd7 11. Nd5 Bxd5 12. exd5 Rc8 13. Qd2 Nb6 14. Bxb6 Qxb6+ 15. Kh1 Rfe8 16. Rad1 Qa7 17. a4 Rc7 18. a5 e4 19. fxe4 Nxe4 20. Qf4 Bg5 21. Qf5 g6 22. Qf3 Be3 23. Bd3 Nf2+ 24. Rxf2 Bxf2 25. Rf1 Re1 26. Rxe1 Bxe1 27. Qe4 Bf2 28. Qf4 Re7 29. g3 Qe3 30. Qxe3 Bxe3 31. Kg2 f5 32. Kf3 Kf7 33. Na1 Bc1 34. Nb3 Bxb2 35. Nd2 Kf6 36. Nc4 Be5 37. Ne3 h5 38. h3 Bxg3 39. Nc4 h4 40. Ne3 Rc7 41. Nc4 Rc5 42. Ke3 Rxd5 43. Kf3 Rc5 44. Ke3 d5 45. Nd2 d4+ 46. Kf3 Rxa5 47. Kg2 Ra3 48. Nc4 Rxd3 49. cxd3 b5 50. Na5 b4 51. Kf3 Ke5 52. Ke2 Kd5 53. Kd2 Bc7 54. Nc4 a5 55. Kc2 g5 56. Kb3 g4 57. Nd2 gxh3 58. Nf1 h2 59. Nxh2 Bxh2 60. Kc2 Bc7 61. Kd2 h3 62. Ke2 h2 63. Kd2 h1=Q 64. Kc2 b3+ 65. Kxb3 Qb1+ 66. Ka3 Bd6+ 67. Ka4 Qb4# 0-1

[Event "GER-ch Youth-U10 2022"]
[Site "Willingen"]
[Date "2022.06.06"]
[Round "4.18"]
[White "Gersemann, Karl"]
[Black "Antonius, Richard-Malte"]
[Result "1-0"]
[ECO "B33"]
[WhiteElo "1620"]
[BlackElo "1106"]
[Annotator "NA RC COMBH"]
[PlyCount "77"]
[EventDate "2022.06.05"]
[EventType "swiss"]
[EventRounds "11"]
[EventCountry "GER"]
[SourceTitle "playchess.com"]
[Source "ChessBase"]
[SourceQuality "1"]
[TimeControl "40/4500+30:900+30"]

1. e4 c5 2. Nf3 Nc6 3. d4 cxd4 4. Nxd4 Nf6 5. Nc3 e5 6. Ndb5 d6 7. Bg5 Be7 8. Bxf6 Bxf6 9. Nxd6+ Kf8 10. Bc4 Be6 11. Bxe6 fxe6 12. Nxb7 Qe7 13. Qd6 Qxd6 14. Nxd6 Rd8 15. Ndb5 Nb4 16. Na3 Be7 17. Rd1 Kf7 18. Ke2 Nc6 19. Nc4 Nd4+ 20. Kf1 Nxc2 21. Rxd8 Rxd8 22. Nxe5+ Ke8 23. Nc4 Bb4 24. Ke2 Nd4+ 25. Ke3 Nc2+ 26. Kf4 Nd4 27. Kg4 Bxc3 28. bxc3 Nb5 29. f3 Nxc3 30. Rc1 Nxa2 31. Ra1 Nb4 32. Rxa7 Kf8 33. Rc7 Nd3 34. g3 Nf2+ 35. Kf4 Nh3+ 36. Ke5 Re8 37. Nd6 Re7 38. Rc8+ Re8 39. Rxe8# 1-0

[Event "GER-ch Youth-U10 2022"]
[Site "Willingen"]
[Date "2022.06.06"]
[Round "4.19"]
[White "Lee, Ho In"]
[Black "Khanbekyan, Aram"]
[Result "1-0"]
[ECO "A24"]
[WhiteElo "1396"]
[BlackElo "998"]
[Annotator "NA RC COMBH"]
[PlyCount "83"]
[EventDate "2022.06.05"]
[EventType "swiss"]
[EventRounds "11"]
[EventCountry "GER"]
[SourceTitle "playchess.com"]
[Source "ChessBase"]
[SourceQuality "1"]
[TimeControl "40/4500+30:900+30"]

1. c4 e5 2. Nc3 Nf6 3. g3 g6 4. Bg2 c6 5. Nf3 Qc7 6. O-O d5 7. cxd5 cxd5 8. d4 e4 9. Bf4 Qb6 10. Na4 Qb5 11. Ne5 Bg7 12. Qc2 O-O 13. Nc3 Qa6 14. Rfd1 Nbd7 15. a3 Nh5 16. Nxd7 Bxd7 17. Nxd5 Ba4 18. b3 Bb5 19. Nc7 Rac8 20. Qxe4 Qb6 21. Qxb7 Rb8 22. Qxb6 Rxb6 23. Nxb5 Rxb5 24. b4 Nxf4 25. gxf4 g5 26. fxg5 Rxg5 27. Rac1 f5 28. Rc3 Rd8 29. Rc4 Rg4 30. e3 f4 31. Kf1 fxe3 32. fxe3 Re8 33. Bd5+ Kh8 34. Rdc1 Rf8+ 35. Ke2 h5 36. Rc8 Rg6 37. Rxf8+ Bxf8 38. Rc8 Kg7 39. Rc7+ Kh6 40. Be4 Ra6 41. h4 Rxa3 42. Rh7# 1-0

[Event "GER-ch Youth-U10 2022"]
[Site "Willingen"]
[Date "2022.06.06"]
[Round "4.20"]
[White "Zhao, Yunsheng"]
[Black "Fels, Mattis"]
[Result "1-0"]
[ECO "B44"]
[WhiteElo "1144"]
[BlackElo "1395"]
[Annotator "NA RC COMBH"]
[PlyCount "99"]
[EventDate "2022.06.05"]
[EventType "swiss"]
[EventRounds "11"]
[EventCountry "GER"]
[SourceTitle "playchess.com"]
[Source "ChessBase"]
[SourceQuality "1"]
[TimeControl "40/4500+30:900+30"]

1. e4 c5 2. Nf3 e6 3. d4 cxd4 4. Nxd4 Nc6 5. Nf3 Qc7 6. Nc3 a6 7. Be3 b5 8. a4 b4 9. Na2 Nf6 10. Bd3 a5 11. O-O Ba6 12. Re1 Bxd3 13. cxd3 Rc8 14. Rc1 Bd6 15. h3 Qb8 16. Nd4 Ne5 17. Rxc8+ Qxc8 18. Nb5 Bc5 19. d4 Nxe4 20. dxc5 O-O 21. Bd4 d5 22. Bxe5 Qxc5 23. Bd4 Qc4 24. Qg4 g6 25. Nc1 Qc2 26. Qe2 Qc6 27. Nd3 f5 28. Rc1 Qe8 29. Rc7 Rf7 30. Rxf7 Qxf7 31. Ne5 Qb7 32. Qc2 Qb8 33. Qc7 Qf8 34. f3 Nf6 35. Nd7 Nxd7 36. Qxd7 b3 37. Nc7 e5 38. Qxd5+ Kg7 39. Bxe5+ Kh6 40. Ne6 Qe7 41. Bf4+ g5 42. Bxg5+ Qxg5 43. Nxg5 Kxg5 44. g4 Kg6 45. Qxf5+ Kg7 46. g5 Kg8 47. Qf6 h6 48. g6 h5 49. Qf7+ Kh8 50. Qh7# 1-0

[Event "GER-ch Youth-U10 2022"]
[Site "Willingen"]
[Date "2022.06.06"]
[Round "4.21"]
[White "Dotschuweit, Erik"]
[Black "Wolf, Noah"]
[Result "1-0"]
[ECO "B27"]
[WhiteElo "1323"]
[BlackElo "1073"]
[Annotator "NA RC COMBH"]
[PlyCount "117"]
[EventDate "2022.06.05"]
[EventType "swiss"]
[EventRounds "11"]
[EventCountry "GER"]
[SourceTitle "playchess.com"]
[Source "ChessBase"]
[SourceQuality "1"]
[TimeControl "40/4500+30:900+30"]

1. e4 c5 2. Nf3 Nc6 3. Bc4 g6 4. O-O Bg7 5. Re1 e6 6. c3 Nge7 7. d4 cxd4 8. cxd4 O-O 9. d5 Na5 10. Bf1 exd5 11. exd5 d6 12. b4 Bxa1 13. bxa5 Qxa5 14. Rxe7 Qxa2 15. Bh6 Rd8 16. Qe1 Bf5 17. Nc3 Qa5 18. Ne2 Qxe1 19. Nxe1 b5 20. Nf3 b4 21. Ned4 a5 22. Nc6 Rd7 23. Ng5 Bf6 24. Rxd7 Bxd7 25. Ne4 Bg7 26. Bxg7 Kxg7 27. Nxd6 b3 28. Nc4 a4 29. Nd4 Bf5 30. Nxf5+ gxf5 31. Na3 Kf6 32. f4 h5 33. Kf2 Ke7 34. Ke3 Kd6 35. Kd4 Rc8 36. Nc4+ Kc7 37. Bd3 Rb8 38. Kc3 f6 39. Bxf5 h4 40. d6+ Kd8 41. Kb2 Rb7 42. d7 Ra7 43. g3 hxg3 44. hxg3 Rc7 45. Nd6 Rc2+ 46. Bxc2 bxc2 47. Kxc2 Kxd7 48. Nc4 Ke6 49. g4 Kd5 50. Kd3 Ke6 51. Ne3 Kd6 52. Kc4 a3 53. Kb3 Kc5 54. Kxa3 Kd4 55. Ng2 Ke4 56. Kb4 Kf3 57. g5 fxg5 58. fxg5 Kxg2 59. g6 1-0

[Event "GER-ch Youth-U10 2022"]
[Site "Willingen"]
[Date "2022.06.06"]
[Round "4.22"]
[White "Leonhardt, Max"]
[Black "Hagn, Tobias"]
[Result "0-1"]
[ECO "D10"]
[WhiteElo "1114"]
[BlackElo "1337"]
[Annotator "NA RC COMBH"]
[PlyCount "104"]
[EventDate "2022.06.05"]
[EventType "swiss"]
[EventRounds "11"]
[EventCountry "GER"]
[SourceTitle "playchess.com"]
[Source "ChessBase"]
[SourceQuality "1"]
[TimeControl "40/4500+30:900+30"]

1. d4 d5 2. c4 c6 3. Nc3 Nf6 4. Bg5 dxc4 5. e4 b5 6. Bxf6 exf6 7. a4 Bb4 8. axb5 cxb5 9. Nf3 Bg4 10. h3 Bh5 11. Be2 O-O 12. O-O Nc6 13. d5 Bxf3 14. Bxf3 Bxc3 15. bxc3 Ne5 16. Rb1 a6 17. Be2 Qd6 18. f4 Nd7 19. Kh1 Nc5 20. Qd4 Rfe8 21. e5 fxe5 22. fxe5 Rxe5 23. Qf4 Qe7 24. d6 Qf6 25. Qxf6 gxf6 26. Bf3 Rd8 27. Rbd1 Nd3 28. Bg4 Rxd6 29. Kh2 a5 30. Kg3 b4 31. cxb4 axb4 32. Bc8 c3 33. Ba6 Red5 34. Bxd3 Rxd3+ 35. Rxd3 Rxd3+ 36. Kf2 Rd2+ 37. Ke3 b3 38. g4 b2 39. h4 c2 40. Kxd2 b1=Q 41. Rxb1 cxb1=Q 42. g5 Qb3 43. gxf6 h5 44. Ke2 Qc3 45. Kf2 Qd3 46. Kg2 Qe3 47. Kh1 Qe2 48. Kg1 Kh7 49. Kh1 Kg6 50. Kg1 Kf5 51. Kh1 Kg4 52. Kg1 Kh3 0-1

[Event "GER-ch Youth-U10 2022"]
[Site "Willingen"]
[Date "2022.06.06"]
[Round "4.23"]
[White "Yao, Haiyang"]
[Black "Wagener, Nicolas"]
[Result "0-1"]
[ECO "B23"]
[WhiteElo "1098"]
[BlackElo "1315"]
[Annotator "NA RC COMBH"]
[PlyCount "40"]
[EventDate "2022.06.05"]
[EventType "swiss"]
[EventRounds "11"]
[EventCountry "GER"]
[SourceTitle "playchess.com"]
[Source "ChessBase"]
[SourceQuality "1"]
[TimeControl "40/4500+30:900+30"]

1. e4 c5 2. Nc3 e6 3. g3 a6 4. Bg2 Qc7 5. d3 Nf6 6. Nge2 Nc6 7. O-O b5 8. h3 Be7 9. Be3 Bb7 10. Qd2 h5 11. f4 O-O-O 12. a4 b4 13. Nd1 d6 14. c3 h4 15. cxb4 Nxb4 16. e5 Nfd5 17. Bxd5 Nxd5 18. Ndc3 Qc6 19. Rf2 Nxe3 20. Qxe3 Qh1# 0-1

[Event "GER-ch Youth-U10 2022"]
[Site "Willingen"]
[Date "2022.06.07"]
[Round "5.1"]
[White "Nezhyvenko, Mykhaylo"]
[Black "Kateryniuk, Ivan"]
[Result "1-0"]
[ECO "C43"]
[WhiteElo "1488"]
[BlackElo "1187"]
[Annotator "NA RC COMBH"]
[PlyCount "41"]
[EventDate "2022.06.05"]
[EventType "swiss"]
[EventRounds "11"]
[EventCountry "GER"]
[SourceTitle "playchess.com"]
[Source "ChessBase"]
[SourceQuality "1"]
[TimeControl "40/4500+30:900+30"]

1. e4 e5 2. Nf3 Nf6 3. d4 Nxe4 4. Bd3 d5 5. Nxe5 Bd6 6. Nc3 Nxc3 7. bxc3 Nd7 8. O-O Nf6 9. Re1 O-O 10. Qf3 Re8 11. Bg5 c6 12. Re3 Be7 13. Rae1 Be6 14. Qe2 Nd7 15. Nxf7 Kxf7 16. Rxe6 Nf6 17. Bxf6 gxf6 18. Qh5+ Kf8 19. Qh6+ Kf7 20. Qxh7+ Kf8 21. Bg6 1-0

[Event "GER-ch Youth-U10 2022"]
[Site "Willingen"]
[Date "2022.06.07"]
[Round "5.2"]
[White "Stehning, Toni"]
[Black "Zhang, Yibo"]
[Result "0-1"]
[ECO "C28"]
[WhiteElo "1097"]
[BlackElo "1436"]
[Annotator "NA RC COMBH"]
[PlyCount "64"]
[EventDate "2022.06.05"]
[EventType "swiss"]
[EventRounds "11"]
[EventCountry "GER"]
[SourceTitle "playchess.com"]
[Source "ChessBase"]
[SourceQuality "1"]
[TimeControl "40/4500+30:900+30"]

1. e4 e5 2. Bc4 Nc6 3. Nc3 Nf6 4. d3 h6 5. Nge2 Bc5 6. h3 d6 7. Na4 Bb6 8. Nxb6 axb6 9. Be3 Be6 10. Bb5 d5 11. exd5 Qxd5 12. Bxc6+ Qxc6 13. f3 O-O 14. Qd2 Rfd8 15. Ng3 Kh7 16. O-O Nd5 17. Rfe1 Ne7 18. Nh5 Bxh3 19. gxh3 Qxf3 20. Qe2 Qxh3 21. Rf1 Rd6 22. Bf2 Nf5 23. Bg3 Nxg3 24. Nxg3 Qxg3+ 25. Kh1 Rd4 26. Qg2 Qxg2+ 27. Kxg2 f6 28. a3 Raa4 29. Rh1 Rg4+ 30. Kh3 h5 31. Raf1 Raf4 32. Rxf4 exf4 0-1